 Dungeon Crawl Stone Soup version 0.29-a0-923-g6e406bff71 (webtiles) character file.

Game seed: 11063925603463895693

63 IdlyInterested the Ducker (level 3, -2/28 HPs)
             Began as a Demonspawn Wanderer on July 27, 2022.
             Slain by an iguana (5 damage)
             ... on level 3 of the Dungeon.
             The game lasted 00:05:10 (1921 turns).

IdlyInterested the Ducker (Demonspawn Wanderer)     Turns: 1921, Time: 00:05:11

Health: -2/28      AC:  9    Str: 11    XL:     3   Next: 87%
Magic:  4/4        EV:  7    Int: 10    God:
Gold:   33         SH:  8    Dex: 18    Spells: 4/4 levels left

rFire   . . .      SeeInvis .   a - +0 short sword
rCold   + . .      Faith    .   k - +0 kite shield
rNeg    . . .      Spirit   .   m - +2 scale mail {rC+}
rPois   .          Reflect  .   (helmet restricted)
rElec   .          Harm     .   (no cloak)
rCorr   .          Rampage  .   b - +0 pair of gloves
Will    .....                   (no boots)
Stlth   +.........              (no amulet)
HPRegen 0.09/turn               (no ring)
MPRegen 0.09/turn               (no ring)

@: no status effects
A: horns 1
a: no special abilities


You were on level 3 of the Dungeon.
You visited 1 branch of the dungeon, and saw 3 of its levels.

You collected 33 gold pieces.

Inventory:

Hand Weapons
 a - a +0 short sword (weapon)
Armour
 b - a +0 pair of gloves (worn)
 d - a +0 leather armour
 j - a +0 ring mail
 k - a +0 kite shield (worn)
 m - a +2 scale mail of cold resistance (worn)
Scrolls
 f - a scroll of magic mapping {unknown}
 h - a scroll of enchant armour {unknown}
 i - a scroll of identify {unknown}
Potions
 c - 2 potions of haste
 e - a potion of invisibility {unknown}


   Skills:
 + Level 2.6 Fighting
 + Level 1.8 Short Blades
 * Level 1.5 Armour
 - Level 2.6 Dodging
 - Level 2.0 Stealth
 - Level 1.0 Spellcasting
 - Level 2.0 Poison Magic


You had 4 spell levels left.
You didn't know any spells.
Your spell library contained the following spells:

 Spells                   Type           Power      Damage    Failure   Level
 Sting                    Tmut/Pois      8%         1d3       99%         1
 Static Discharge         Conj/Air       0%         3-3/arc   100%        2
 Ignite Poison            Fire/Tmut/Pois 1%         N/A       100%        3
 Corpse Rot               Necr/Pois/Air  1%         N/A       100%        4
 Lightning Bolt           Conj/Air       0%         1d11      100%        5
 Maxwell's Capacitive Co  Air            0%         ∞         100%        8


Dungeon Overview and Level Annotations

Branches:
Dungeon (3/15)

Altars:


Innate Abilities, Weirdness & Mutations

You have a pair of small horns on your head.


Message History

The iguana is heavily wounded.
The iguana bites you!
You hit the iguana.
The iguana is heavily wounded.
The iguana closely misses you. You block the iguana's attack.
You closely miss the iguana.
The iguana is heavily wounded.
The iguana bites you but does no damage.
You barely miss the iguana.
The iguana is heavily wounded.
The iguana bites you!
* * * LOW HITPOINT WARNING * * *
You hit the iguana.
The iguana is heavily wounded.
The iguana barely misses you.
Okay, then.
It was a potion of curing.
You feel better. You block the iguana's attack.
It was a potion of heal wounds.
You feel much better. The iguana bites you!
You hit the iguana.
The iguana is severely wounded.
The iguana closely misses you.
You closely miss the iguana.
The iguana is severely wounded.
The iguana bites you. x2
* * * LOW HITPOINT WARNING * * *
You hit the iguana but do no damage.
The iguana is severely wounded.
The iguana bites you but does no damage.
You hit the iguana.
You headbutt the iguana, but do no damage.
The iguana is almost dead.
The iguana bites you.
* * * LOW HITPOINT WARNING * * *
You hit the iguana but do no damage.
The iguana is almost dead.
You block the iguana's attack.
You barely miss the iguana. Your headbutt misses the iguana.
The iguana is almost dead.
The iguana bites you.
You die...

#..l......#
#.........#
.........#
[......#
.....# ....#
#####.#.#
#..@l<..#
#.###........
# #########


You could see an iguana.

Vanquished Creatures
  2 adders
  A worm (D:2)
  A dart slug (D:1)
  5 bats
  4 endoplasms
  2 goblins
  3 hobgoblins (D:2)
  6 kobolds
  5 ball pythons
  5 frilled lizards
  8 rats
42 creatures vanquished.

Notes
Turn   | Place    | Note
-------+----------+-------------------------------------------
     0 | D:1      | IdlyInterested the Demonspawn Wanderer began the quest for
                  | the Orb.
     0 | D:1      | IdlyInterested set off with the following items: a +0 short
                  | sword, a +0 pair of gloves, a potion of haste, a +0 leather
                  | armour; and the following spell memorised: Sting; and the
                  | following spells available to memorise: Ignite Poison,
                  | Corpse Rot.
     0 | D:1      | Reached XP level 1. HP: 16/16 MP: 2/2
   199 | D:1      | Reached skill level 1 in Stealth
   371 | D:1      | Gained mutation: You have a pair of small horns on your
                  | head. [demonic ancestry]
   371 | D:1      | Reached XP level 2. HP: 22/22 MP: 3/3
   636 | D:1      | Found a faded altar of an unknown god.
  1035 | D:2      | Reached XP level 3. HP: 20/28 MP: 4/4
  1912 | D:3      | HP: 1/28 [iguana (11)]
  1921 | D:3      | Slain by an iguana

Illustrated notes

Levels and vault maps discovered:
D:1:      lightli_arrival_chessboard, layout_loops_cross,
          dilly_ecumenical_altar_fadedgnrine
D:2:      layout_rooms, serial_curves, eino_curves_04, eino_curves_02
D:3:      layout_loops_ring, tgw_kikubaaqudgha, nzn_wu_jian_contemplation,
          nicolae_hepliaklqana_monster_ancestors, uniq_ijyb

Skill      XL: |  1  2  3 |
---------------+----------+-----
Stealth        | 1 2 |  2.0
Fighting       | |  2.6
Short Blades   | |  1.8
Armour         | |  1.5
Dodging        | |  2.6
Spellcasting   | |  1.0
Poison Magic   | |  2.0

Action                   || total
-------------------------++-------
Melee: Short sword       ||   140
       Headbutt          ||    20
  Use: Scroll            ||     4
       Potion            ||     2
Armor: Leather armour    ||    15
       Ring mail         ||    35
       Scale mail        ||     8
Dodge: Dodged            ||    81
Block: Kite shield       ||    36

Table legend: (Time is in decaauts)
 A = Elapsed time spent in this place.
 B = Non-inter-level travel time spent in this place.
 C = Inter-level travel time spent in this place.
 D = Time resting spent in this place.
 E = Time spent auto-exploring this place.
 F = Levels seen in this place.
 G = Mean time per level.
                   A        B        C        D        E       F      G
               +--------+--------+--------+--------+--------+-----+--------+
         Total |   1940 |   1811 |    129 |    440 |    939 |   3 |  646.7 |
       Dungeon |   1940 |   1811 |    129 |    440 |    939 |   3 |  646.7 |
               +--------+--------+--------+--------+--------+-----+--------+

Top non-repeatable levels by time:
     D:2: 1026 daAuts
     D:1: 855 daAuts
     D:3: 59 daAuts
